 Dungeon Crawl Stone Soup version 0.31.0 (webtiles) character file.

Game seed: 10776730702043240257

4570 qw the Skirmisher (level 10, -9/65 HPs)
             Began as a Gargoyle Hunter on Jan 19, 2024.
             Was a Believer of Okawaru.
             Mangled by a skeletal warrior
             ... wielding a +0 glaive
              (14 damage)
             ... on level 10 of the Dungeon.
             The game lasted 00:00:35 (6890 turns).

qw the Skirmisher (Gargoyle Hunter)                 Turns: 6890, Time: 00:00:36

Health: -9/65      AC: 17    Str: 14    XL:     10   Next: 41%
Magic:  12/13      EV: 20    Int: 11    God:    Okawaru [**....]
Gold:   303        SH:  0    Dex: 17    Spells: 9/9 levels left

rFire   + . .        s - -1 triple crossbow
rCold   + + +        (shield currently unavailable)
rNeg    + + .        f - +0 ring mail
rPois   inf          k - +1 hat
rElec   +            (no cloak)
rCorr   .            a - +1 pair of gloves "Motroreats" {rF+ rC++ rN+ Will-}
SInv    .            (no boots)
Will    .....        (no amulet)
Stlth   +++          c - ring of protection from cold
HPRegen 0.30/turn    j - +5 ring of evasion
MPRegen 0.13/turn

%: no passive effects
@: heroic
A: sickness immunity, AC +7, negative energy resistance 1, electricity
resistance, torment resistance 1, petrification resistance
a: Renounce Religion, Heroism


You were on level 10 of the Dungeon.
You worshipped Okawaru.
Okawaru was pleased with you.
You visited 2 branches of the dungeon, and saw 10 of its levels.
You also visited: Ossuary.

You collected 374 gold pieces.
You spent 71 gold pieces at shops.


Innate Abilities, Weirdness & Mutations

You are immune to sickness and miasma.
Your stone body is resilient. (AC +7)
You are immune to poison.
You resist negative energy. (rN+)
You are resistant to electric shocks. (rElec)
You are resistant to unholy torment.
You are immune to petrification.


   Skills:
 - Level 8.4(13.4) Fighting
 + Level 11.7(16.7) Ranged Weapons
 - Level 3.8(8.8) Armour
 - Level 3.0(8.0) Dodging
 - Level 1.1(6.1) Stealth
 - Level 5.0 Invocations


You had 9 spell levels left.
You didn't know any spells.
Your spell library was empty.

Inventory:

Hand Weapons
 s - a -1 triple crossbow (weapon)
Armour
 a - the +1 pair of gloves "Motroreats" (worn) {rF+ rC++ rN+ Will-}
   (You found it on level 7 of the Dungeon)

   rF+:       It protects you from fire.
   rC++:      It greatly protects you from cold.
   rN+:       It protects you from negative energy.
   Will-:     It decreases your willpower.
 f - a +0 ring mail (worn)
 g - a +0 robe of fire resistance
 i - +0 acid dragon scales
 k - a +1 hat (worn)
Jewellery
 c - a ring of protection from cold (left hand)
 j - a +5 ring of evasion (right hand)
 Y - a ring of resist corrosion
Wands
 h - a wand of digging (8)
 n - a wand of charming (14)
Scrolls
 m - a scroll of teleportation
Potions
 b - a potion of might
 d - 3 potions of mutation
 e - a potion of curing
 l - 2 potions of haste
 p - a potion of attraction {unknown}

Dungeon Overview and Level Annotations

Branches:
Dungeon (8/15)             Temple (1/1) D:6         Ossuary (visited)
   Lair: D:8-11

Altars:
Ashenzari
Cheibriados
Elyvilon
Fedhas
Gozag
Hepliaklqana
Kikubaaqudgha
Makhleb
Nemelex Xobeh
Okawaru
Qazlal
Ru
Sif Muna
Trog
Uskayaw
Vehumet
Wu Jian
Xom
Yredelemnul
Zin
The Shining One

Shops:
D:6 *


Message History

HP restored.
A skeletal warrior comes into view. It is wielding a +0 flail.
6882 ||| INVOKING Heroism.
You gain the combat prowess of a mighty hero.
You shoot a bolt. The bolt hits the skeletal warrior!
The skeletal warrior is moderately damaged.
A skeletal warrior comes into view. It is wielding a +0 scimitar.
Enter note: You shoot a bolt.
The bolt hits the skeletal warrior!
The skeletal warrior is heavily damaged.
You shoot a bolt.
The bolt barely misses the skeletal warrior.
The bolt hits the skeletal warrior!!
The skeletal warrior is moderately damaged.
The skeletal warrior hits you with a +0 flail!
A skeletal warrior comes into view. It is wielding a +0 glaive.
You shoot a bolt. The bolt hits the skeletal warrior!
The skeletal warrior is severely damaged.
The skeletal warrior hits you with a +0 flail.
You shoot a bolt.
The bolt barely misses the skeletal warrior.
The bolt closely misses the skeletal warrior. x2
You shoot a bolt.
The bolt hits the skeletal warrior but does no damage.
The skeletal warrior is severely damaged.
The skeletal warrior hits you with a +0 flail.
The skeletal warrior barely misses you.
The skeletal warrior completely misses you.
You shoot a bolt.
The bolt hits the skeletal warrior but does no damage.
The skeletal warrior is severely damaged.
The skeletal warrior hits you but does no damage.
The skeletal warrior hits you from afar with a +0 glaive.
The skeletal warrior hits you with a +0 flail!
You shoot a bolt. The bolt hits the skeletal warrior!!!
You destroy the skeletal warrior!
Okawaru is honoured by your kill.
The skeletal warrior hits you with a +0 scimitar!
The skeletal warrior hits you from afar with a +0 glaive! x2
You die...

#...# #...# #...#####
############# #........
............###........
.....................).#
.......................#
.......)...............#
.....z.@.>.............#
......)z...............#
......#########........#
###### #........#
#####........#
#............#
#............#
#............#
####............#


You could see 2 skeletal warriors.

Vanquished Creatures
  Amaemon (D:8)
  2 skeletal warriors (D:10)
  Pikel (D:5)
  An orange demon (D:8)
  Grinder (D:5)
  A wyvern (D:8)
  A water moccasin (D:7)
  An acid dragon (D:10)
  3 orc warriors
  A black bear (D:7)
  An ogre (D:6)
  3 centaurs
  2 lemures (D:5)
  A phantom (D:6)
  3 bullfrogs (D:8)
  A gnoll sergeant (D:7)
  4 scorpions
  A burial acolyte (Ossuary)
  2 wights (Ossuary)
  4 howler monkeys
  6 hounds
  A bombardier beetle (D:5)
  A gnoll bouda (D:6)
  2 orc priests (D:8)
  Jessica (D:2)
  4 orc wizards
  An iguana (D:6)
  A mummy (Ossuary)
  6 gnolls
  2 adders
  A shadow imp (D:6)
  4 ufetubi (D:6)
  6 dart slugs
  A ribbon worm (D:4)
  26 orcs
  9 ball pythons
  5 endoplasms
  3 giant cockroaches
  7 goblins
  8 hobgoblins
  17 jackals
  5 kobolds
  5 quokkas
  7 bats
  A frilled lizard (D:1)
  7 gnoll skeletons (Ossuary)
  3 kobold skeletons (Ossuary)
  10 orc skeletons (Ossuary)
  4 rats
189 creatures vanquished.

Notes
Turn   | Place    | Note
-------+----------+-------------------------------------------
     0 | D:1      | qw the Gargoyle Hunter began the quest for the Orb.
     0 | D:1      | Reached XP level 1. HP: 12/12 MP: 1/1
     0 | D:1      | 0 ||| qw: Version: 0.3-a-132-g3d54051
     0 | D:1      | 0 ||| qw: Game counter: 287
     0 | D:1      | 0 ||| qw: Melee chars always use a shield: true
     0 | D:1      | 0 ||| qw: God list: Okawaru
     0 | D:1      | 0 ||| qw: Allow faded altars: false
     0 | D:1      | 0 ||| qw: Do Orc after clearing Dungeon:15 true
     0 | D:1      | 0 ||| qw: Do second Lair branch before Depths: true
     0 | D:1      | 0 ||| qw: Lair rune preference: random
     0 | D:1      | 0 ||| qw: Goals: Normal
     0 | D:1      | 0 ||| PLANNING D:1-11
     2 | D:1      | Noticed a naga
     2 | D:1      | Noticed a tengu
     4 | D:1      | Noticed a formicid
     4 | D:1      | Noticed a vine stalker
     6 | D:1      | Noticed a troll
     8 | D:1      | Noticed a draconian
    10 | D:1      | Noticed an oni
    10 | D:1      | Noticed a demigod
    12 | D:1      | Noticed a demonspawn
    12 | D:1      | Noticed a gargoyle
    14 | D:1      | Noticed an elf
    14 | D:1      | Noticed a felid
    16 | D:1      | Noticed a human
    18 | D:1      | Noticed a vampire
    18 | D:1      | Noticed a barachi
    20 | D:1      | Noticed an armataur
    20 | D:1      | Noticed a spriggan
    22 | D:1      | Noticed a ghoul
    22 | D:1      | Noticed a merfolk
    24 | D:1      | Noticed a djinni
    24 | D:1      | Noticed a minotaur
    26 | D:1      | Noticed an octopode
    40 | D:1      | 40 ||| RETREEEEATING.
    52 | D:1      | Reached XP level 2. HP: 14/17 MP: 2/2
   290 | D:1      | Reached XP level 3. HP: 19/21 MP: 3/3
   304 | D:1      | Reached skill level 5 in Ranged Weapons
   463 | D:1      | Reached skill level 3 in Fighting
   676 | D:1      | Reached XP level 4. HP: 28/28 MP: 4/4
   826 | D:1      | 826 ||| UPGRADING to +0 pair of gloves.
   831 | D:1      | 831 ||| UPGRADING to ring of resist corrosion.
   832 | D:1      | 832 ||| READING scroll labelled HEWUKEU GOCE.
   833 | D:1      | 833 ||| READING scroll labelled VOTSUWK PUDEHA.
   934 | D:1      | 934 ||| READING scroll labelled SOTTAE BINU.
   935 | D:1      | 935 ||| READING scroll labelled BYHAPR ACSIURR.
   936 | D:1      | 936 ||| READING scroll labelled HUOVEA RAAST.
   940 | D:1      | 940 ||| DROPPING scroll of butterflies.
  1016 | D:2      | Found a faded altar of an unknown god.
  1108 | D:2      | Noticed Jessica
  1110 | D:2      | Killed Jessica
  1559 | D:2      | 1559 ||| UPGRADING to +1 hat.
  1564 | D:2      | 1564 ||| UPGRADING to +5 ring of evasion.
  1565 | D:2      | 1565 ||| READING scroll labelled YGOIBO UDEI.
  1565 | D:2      | 1565 ||| ENCHANTING +0 shortbow.
  1566 | D:2      | 1566 ||| DRINKING 2 emerald potions.
  1567 | D:2      | 1567 ||| DRINKING 3 inky potions.
  1607 | D:3      | Found a glowing silver altar of Zin.
  1683 | D:3      | Found a burning altar of Makhleb.
  1828 | D:3      | 1828 ||| READING scroll of enchant weapon.
  1828 | D:3      | 1828 ||| ENCHANTING +1 shortbow.
  1844 | D:3      | 1844 ||| STAIRDANCE
  1848 | D:3      | 1848 ||| STAIRDANCE
  1850 | D:2      | 1850 ||| FLEEEEING.
  1860 | D:2      | 1860 ||| UPGRADING to +0 ring mail.
  1870 | D:2      | 1870 ||| DROPPING +0 leather armour.
  1871 | D:2      | 1871 ||| READING 3 scrolls labelled NOWUEZITWO.
  1871 | D:2      | 1871 ||| IDENTIFYING fuming green potion
  1872 | D:2      | 1872 ||| READING 2 scrolls of identify.
  1872 | D:2      | 1872 ||| IDENTIFYING metallic silvery potion
  1873 | D:2      | 1873 ||| DROPPING potion of invisibility.
  1879 | D:3      | Reached XP level 5. HP: 32/32 MP: 5/5
  1881 | D:3      | 1881 ||| DRINKING 3 potions of curing.
  1881 | D:3      | 1881 ||| (to cure confusion)
  1887 | D:3      | Reached skill level 1 in Armour
  2031 | D:3      | Reached skill level 6 in Ranged Weapons
  2216 | D:3      | 2216 ||| DROPPING +6 ring of intelligence.
  2217 | D:3      | 2217 ||| READING 2 scrolls of identify.
  2217 | D:3      | 2217 ||| IDENTIFYING scroll labelled OFEUDI PYSYEHU
  2218 | D:3      | 2218 ||| DROPPING scroll of poison.
  2281 | D:4      | 2281 ||| PLANNING OSSUARY
  2281 | D:4      | 2281 ||| STAIRDANCE
  2383 | D:4      | Found a sand-covered staircase.
  2384 | D:4      | 2384 ||| UPGRADING to ring of protection from cold.
  2397 | Ossuary  | Entered an ossuary
  2597 | Ossuary  | 2597 ||| READING 3 scrolls of identify.
  2597 | Ossuary  | 2597 ||| IDENTIFYING black potion
  2606 | Ossuary  | Reached XP level 6. HP: 33/39 MP: 6/6
  2713 | Ossuary  | 2713 ||| READING scroll of enchant weapon.
  2713 | Ossuary  | 2713 ||| ENCHANTING +2 shortbow.
  2716 | Ossuary  | 2716 ||| READING scroll of enchant weapon.
  2716 | Ossuary  | 2716 ||| ENCHANTING +3 shortbow.
  2768 | Ossuary  | 2768 ||| READING 2 scrolls of identify.
  2768 | Ossuary  | 2768 ||| IDENTIFYING lumpy inky potion
  2769 | Ossuary  | 2769 ||| READING scroll of identify.
  2769 | Ossuary  | 2769 ||| IDENTIFYING sedimented red potion
  2770 | Ossuary  | 2770 ||| READING scroll labelled DUPEC SAFODU.
  2770 | Ossuary  | 2770 ||| ENCHANTING +0 pair of gloves.
  2771 | Ossuary  | 2771 ||| READING scroll labelled DOGHEJ DAYB.
  2872 | Ossuary  | 2872 ||| READING 2 scrolls labelled VUG XESEKHEACH.
  2901 | Ossuary  | 2901 ||| DRINKING 2 dark potions.
  3005 | Ossuary  | 3005 ||| DROPPING potion of brilliance.
  3006 | Ossuary  | 3006 ||| DROPPING potion of berserk rage.
  3007 | Ossuary  | 3007 ||| DROPPING scroll of torment.
  3021 | D:4      | 3021 ||| PLANNING D:1-11
  3064 | D:4      | Reached skill level 7 in Ranged Weapons
  3064 | D:4      | Reached XP level 7. HP: 38/44 MP: 7/7
  3331 | D:4      | 3331 ||| DRINKING 2 bubbling puce potions.
  3364 | D:4      | 3364 ||| DROPPING potion of lignification.
  3391 | D:5      | Entered Level 5 of the Dungeon
  3520 | D:5      | 3520 ||| RETREEEEATING.
  3526 | D:5      | 3526 ||| RETREEEEATING.
  3540 | D:5      | Noticed Pikel
  3549 | D:5      | Killed Pikel
  3550 | D:5      | Reached skill level 9 in Ranged Weapons
  3550 | D:5      | Reached XP level 8. HP: 40/48 MP: 8/8
  3550 | D:5      | 3550 ||| FLEEEEING.
  3833 | D:5      | Noticed Grinder
  3842 | D:5      | Paralysed by Grinder for 4 turns
  3848 | D:5      | Killed Grinder
  3849 | D:5      | Reached skill level 3 in Armour
  4075 | D:5      | Found a sacrificial altar of Ru.
  4479 | D:5      | Found an ornate altar of the Wu Jian Council.
  4482 | D:5      | Found a hazy altar of Hepliaklqana.
  4486 | D:5      | Found a glowing golden altar of the Shining One.
  4488 | D:5      | 4488 ||| READING 2 scrolls of identify.
  4488 | D:5      | 4488 ||| IDENTIFYING smoky golden potion
  4489 | D:5      | 4489 ||| READING scroll of identify.
  4489 | D:5      | 4489 ||| IDENTIFYING scroll labelled QIGOSHE EGGIOR
  4490 | D:5      | 4490 ||| DROPPING scroll of fear.
  4491 | D:5      | 4491 ||| DROPPING potion of ambrosia.
  4592 | D:6      | Reached skill level 6 in Fighting
  4766 | D:6      | 4766 ||| FLEEEEING.
  4853 | D:6      | Reached XP level 9. HP: 55/55 MP: 9/9
  4912 | D:6      | Reached skill level 10 in Ranged Weapons
  4943 | D:6      | Found Uzxarch's Lightly-Used Armoury.
  4952 | D:6      | 4952 ||| BUYING -1 longbow (16 gold).
  4952 | D:6      | Bought a -1 longbow for 16 gold pieces
  4952 | D:6      | 4952 ||| BUYING -1 triple crossbow (55 gold).
  4952 | D:6      | Bought a -1 triple crossbow for 55 gold pieces
  4952 | D:6      | 4952 ||| SWAPPING to -1 triple crossbow.
  4953 | D:6      | 4953 ||| DROPPING +4 shortbow.
  4954 | D:6      | 4954 ||| DROPPING -1 longbow.
  5002 | D:6      | Found a staircase to the Ecumenical Temple.
  5003 | D:6      | 5003 ||| PLANNING TEMPLE
  5003 | D:6      | 5003 ||| READING 2 scrolls labelled JEIRIYMUPH.
  5004 | D:6      | 5004 ||| READING scroll labelled ELUALI VEARE.
  5005 | D:6      | 5005 ||| DROPPING scroll of fog.
  5006 | D:6      | 5006 ||| DROPPING wand of flame (17).
  5015 | Temple   | Entered the Ecumenical Temple
  5016 | Temple   | 5016 ||| PLANNING OKAWARU WORSHIP
  5038 | Temple   | Became a worshipper of Warmaster Okawaru
  5039 | Temple   | 5039 ||| PLANNING D:1-11
  5095 | D:6      | Found a sparkling altar of Nemelex Xobeh.
  5240 | D:7      | Found a shimmering blue altar of Sif Muna.
  5243 | D:7      | 5243 ||| RETREEEEATING.
  5265 | D:7      | 5265 ||| READING scroll of enchant armour.
  5265 | D:7      | 5265 ||| ENCHANTING +1 pair of gloves.
  5534 | D:7      | Identified the +1 pair of gloves "Motroreats" {rF+ rC++ rN+
                  | Will-}
  5688 | D:7      | Found an ancient bone altar of Kikubaaqudgha.
  5709 | D:7      | 5709 ||| FLEEEEING.
  5735 | D:7      | Found a hide-covered altar of Uskayaw.
  6043 | D:7      | 6043 ||| UPGRADING to +1 pair of gloves "Motroreats" {rF+
                  | rC++ rN+ Will-}.
  6053 | D:7      | 6053 ||| DROPPING +2 pair of gloves.
  6085 | D:8      | 6085 ||| STAIRDANCE
  6162 | D:8      | Reached * piety under Okawaru
  6163 | D:8      | Reached skill level 11 in Ranged Weapons
  6172 | D:8      | Reached skill level 1 in Invocations
  6177 | D:8      | 6177 ||| DRINKING 4 potions of curing.
  6177 | D:8      | 6177 ||| (to cure confusion)
  6181 | D:8      | HP: 14/57 [centaur/arrow (9)]
  6182 | D:8      | 6182 ||| DRINKING 3 potions of curing.
  6182 | D:8      | 6182 ||| (to cure confusion)
  6186 | D:8      | 6186 ||| READING 2 scrolls of teleportation.
  6186 | D:8      | HP: 11/57 [centaur (3)]
  6187 | D:8      | 6187 ||| DRINKING potion of heal wounds.
  6189 | D:8      | 6189 ||| DRINKING 2 potions of curing.
  6189 | D:8      | 6189 ||| (to cure confusion)
  6195 | D:8      | HP: 9/57 [orc warrior/+0 dire flail of protection (11)]
  6196 | D:8      | 6196 ||| READING scroll of teleportation.
  6197 | D:8      | HP: 3/57 [something/puff of flame (3)]
  6200 | D:8      | Reached skill level 3 in Dodging
  6200 | D:8      | 6200 ||| FLEEEEING.
  6417 | D:8      | 6417 ||| FLEEEEING.
  6418 | D:8      | 6418 ||| FLEEEEING.
  6419 | D:8      | 6419 ||| FLEEEEING.
  6420 | D:8      | 6420 ||| FLEEEEING.
  6421 | D:8      | 6421 ||| FLEEEEING.
  6422 | D:8      | 6422 ||| FLEEEEING.
  6423 | D:8      | 6423 ||| FLEEEEING.
  6424 | D:8      | 6424 ||| FLEEEEING.
  6425 | D:8      | 6425 ||| FLEEEEING.
  6426 | D:8      | 6426 ||| FLEEEEING.
  6427 | D:8      | 6427 ||| FLEEEEING.
  6428 | D:8      | 6428 ||| FLEEEEING.
  6429 | D:8      | 6429 ||| FLEEEEING.
  6437 | D:8      | Reached skill level 3 in Invocations
  6444 | D:8      | 6444 ||| FLEEEEING.
  6570 | D:8      | Noticed an orange demon
  6571 | D:8      | 6571 ||| INVOKING Heroism.
  6573 | D:8      | Noticed Amaemon
  6573 | D:8      | Killed an orange demon
  6574 | D:8      | Reached XP level 10. HP: 64/64 MP: 9/12
  6575 | D:8      | 6575 ||| RETREEEEATING.
  6577 | D:8      | 6577 ||| RETREEEEATING.
  6578 | D:8      | 6578 ||| RETREEEEATING.
  6579 | D:8      | 6579 ||| RETREEEEATING.
  6581 | D:8      | 6581 ||| RETREEEEATING.
  6589 | D:8      | 6589 ||| INVOKING Heroism.
  6600 | D:8      | Killed Amaemon
  6609 | D:8      | 6609 ||| FLEEEEING.
  6663 | D:8      | You fall into a shaft and drop 2 floors!
  6663 | D:10     | Entered Level 10 of the Dungeon
  6684 | D:10     | Reached ** piety under Okawaru
  6798 | D:10     | Noticed a skeletal warrior
  6799 | D:10     | 6799 ||| INVOKING Heroism.
  6807 | D:10     | Killed a skeletal warrior
  6881 | D:10     | Noticed a skeletal warrior
  6882 | D:10     | 6882 ||| INVOKING Heroism.
  6883 | D:10     | Noticed a skeletal warrior
  6885 | D:10     | Noticed a skeletal warrior
  6890 | D:10     | Killed a skeletal warrior
  6890 | D:10     | HP: 16/65 [skeletal warrior/+0 scimitar (15)]
  6890 | D:10     | HP: 5/65 [skeletal warrior/+0 glaive (11)]
  6890 | D:10     | Mangled by a skeletal warrior

Levels and vault maps discovered:
D:1:      kb_arrival_jail, layout_loops_ring
D:2:      layout_rooms, serial_forest, infiniplex_forest_lined_room_2,
          infiniplex_forest_lined_corner, infiniplex_forest_clump_curved,
          infiniplex_forest_zigzag_1, infiniplex_forest_lined_4_way,
          infiniplex_forest_clump_curved, hellmonk_ecumenical_altar_zigzags,
          serial_bayou_pond_d, uniq_jessica
D:3:      layout_loops_ring, mainiacjoe_overflow_six_doors_small, zin_academy
D:4:      layout_rooms, nicolae_ossuary_entry_monument
D:5:      layout_basic, nicolae_ru_sacrificial_ziggurat,
          grunt_temple_overflow_diamond, uniq_grinder, uniq_pikel
D:6:      layout_rooms, nemelex_altar_shiori, minmay_temple_entry_glass,
          grunt_decor_clamped, minmay_shop_damaged
D:7:      layout_loops_ring, mainiacjoe_overflow_swirl,
          hellmonk_sif_muna_bookshelves
D:8:      layout_basic, uniq_amaemon
D:10:     lemuel_troll_bridge, layout_irregular_city, david_lair_generic,
          minmay_orc_entry_temple_small, minmay_liquid_box,
          minmay_lindwurm_lava, uniq_erolcha
Temple:   chequers_temple_sunken

Skill      XL: |  1  2  3  4  5  6  7  8  9 10 |
---------------+-------------------------------+-----
Ranged Weapons | 5 6 7 9 11 | 11.7
Fighting       | 3 4 6 7 8 |  8.4
Armour         | 1 3 |  3.8
Dodging        | 2 3 |  3.0
Invocations    | 3 5 |  5.0
Stealth        | |  1.1

Action                     |  1- 3 |  4- 6 |  7- 9 | 10-12 || total
---------------------------+-------+-------+-------+-------++-------
   Fire: Shortbow          |   131 |   198 |   212 |       ||   541
         Triple crossbow   |       |       |   115 |    44 ||   159
 Invoke: Heroism           |       |       |     1 |     3 ||     4
    Use: Scroll            |       |    18 |     7 |       ||    25
         Potion            |       |     4 |     5 |       ||     9
 Armour: Leather armour    |    47 |     8 |       |       ||    55
         Ring mail         |       |    32 |   164 |    34 ||   230
  Dodge: Dodged            |    52 |    68 |   225 |    48 ||   393

Table legend:
 A = Non-vault XP
 B = Vault XP
 C = Vault XP percentage of total XP
 D = Non-vault monster count
 E = Vault monster count
 F = Vault count percentage of total count
                 A         B        C        D         E       F
            +---------+---------+-------+---------+---------+-------
      Total |    4997 |    2283 |  31.4 |     158 |      29 |  15.5
            +---------+---------+-------+---------+---------+-------
        D:1 |      82 |       0 |   0.0 |      40 |       0 |   0.0
        D:2 |      29 |      37 |  56.1 |      11 |       1 |   8.3
        D:3 |      92 |       0 |   0.0 |      22 |       0 |   0.0
        D:4 |     155 |       0 |   0.0 |      18 |       0 |   0.0
        D:5 |     462 |     840 |  64.5 |      14 |       2 |  12.5
        D:6 |     680 |       0 |   0.0 |      18 |       0 |   0.0
        D:7 |     838 |       0 |   0.0 |      14 |       0 |   0.0
        D:8 |     866 |    1151 |  57.1 |      17 |       2 |  10.5
       D:10 |    1793 |       0 |   0.0 |       4 |       0 |   0.0
    Ossuary |       0 |     255 | 100.0 |       0 |      24 | 100.0
            +---------+---------+-------+---------+---------+-------
